[Event "Ste-Foy 6 2024-25"]
[Site "Ste-Foy CAN"]
[Date "2025.07.14"]
[Round "2"]
[White "Voisard, Dominic"]
[Black "Fridmann, Clement"]
[Result "1-0"]
[ECO "B41"]
[WhiteElo "1848"]
[BlackElo "1437"]
[WhiteFideId "-1"]
[WhiteFideId "-1"]
[PlyCount "73"]
[GameId "2201105247647555"]
[EventDate "2025.07.07"]
[EventType "swiss"]
[EventRounds "5"]
[EventCountry "CAN"]
[TimeControl "5400+30"]

1. e4 c5 2. Nf3 d6 3. d4 cxd4 4. Nxd4 a6 5. c4 Nf6 6. Nc3 e6 7. Be2 Be7 8. Be3 Bd7 9. O-O Nc6 10. f4 Qc7 11. Qd2 h6 12. Rac1 Nh7 13. Nd5 exd5 14. cxd5 Rc8 15. dxc6 bxc6 16. Bxa6 Rb8 17. Nb5 Qd8 18. Nxd6+ Bxd6 19. Qxd6 Rxb2 20. Rfd1 Qe7 21. Qd4 Rxa2 22. Bc4 Ra8 23. Qxg7 Qf6 24. Bxf7+ Ke7 25. Bc5+ Kd8 26. Rxd7+ Kxd7 27. Qg4+ Kc7 28. f5 Qxf7 29. Qf4+ Kc8 30. Bd6 Qd7 31. e5 Ng5 32. e6 Nxe6 33. fxe6 Qxe6 34. Rxc6+ Kd8 35. Bc7+ Kd7 36. Rxe6 Kxe6 37. Qe5+ 1-0

[Event "Ste-Foy 6 2024-25"]
[Site "Ste-Foy CAN"]
[Date "2025.07.14"]
[Round "2"]
[White "Wafer, Jacques"]
[Black "Deschenes, Andre-Philippe"]
[Result "0-1"]
[ECO "C11"]
[WhiteElo "1356"]
[BlackElo "1145"]
[WhiteFideId "-1"]
[WhiteFideId "-1"]
[PlyCount "130"]
[GameId "2201105244657459"]
[EventDate "2025.07.07"]
[EventType "swiss"]
[EventRounds "5"]
[EventCountry "CAN"]
[TimeControl "5400+30"]

1. e4 e6 2. Nf3 d5 3. Nc3 Nf6 4. e5 Nfd7 5. d4 c5 6. Bb5 a6 7. Bxd7+ Bxd7 8. Ne2 cxd4 9. Nexd4 Nc6 10. O-O Nxd4 11. Nxd4 Bc5 12. Be3 Qb6 13. Rb1 O-O 14. c3 Qa7 15. Qg4 g6 16. Bg5 Rfe8 17. Bf6 h5 18. Qg5 Bf8 19. Rfe1 Kh7 20. Rbd1 Rac8 21. Rd3 Qb6 22. b3 Qa5 23. Qd2 Rc7 24. Nf3 Kg8 25. Bg5 Kh7 26. Rd1 Rec8 27. c4 Qxd2 28. R3xd2 Bc6 29. cxd5 Bxd5 30. Nd4 Bg7 31. Re2 Bf8 32. h3 Bc5 33. Nc2 Bxf2+ 34. Kxf2 Rxc2 35. Rxc2 Rxc2+ 36. Rd2 Rxd2+ 37. Bxd2 Kg7 38. g3 b5 39. Ke3 Kh6 40. Kd4+ Kg7 41. h4 f6 42. exf6+ Kxf6 43. Kc5 Kf5 44. Kb6 Kg4 45. Bf4 Kf5 46. Kxa6 e5 47. Bd2 Kg4 48. Be1 e4 49. Kxb5 e3 50. Kc5 Be6 51. Kd6 Bf7 52. b4 Bxa2 53. b5 Bc4 54. b6 Ba6 55. Kc7 Kf3 56. b7 Bxb7 57. Kxb7 Ke2 58. Bb4 Kf2 59. Bc5 Kf3 60. Bd4 e2 61. Bc3 Kf2 62. Bd4+ Kf1 63. Bc3 e1=Q 64. Bxe1 Kxe1 65. Kc6 Kf2 0-1

[Event "Ste-Foy 6 2024-25"]
[Site "Ste-Foy CAN"]
[Date "2025.07.14"]
[Round "2"]
[White "Yergeau, Samuel"]
[Black "Bergeron, Cedric"]
[Result "1-0"]
[ECO "C42"]
[WhiteElo "1376"]
[BlackElo "1169"]
[WhiteFideId "-1"]
[WhiteFideId "-1"]
[PlyCount "107"]
[GameId "2201105244854069"]
[EventDate "2025.07.07"]
[EventType "swiss"]
[EventRounds "5"]
[EventCountry "CAN"]
[TimeControl "5400+30"]

1. e4 e5 2. Nf3 Nf6 3. Nc3 Bc5 4. Nxe5 Nc6 5. Nxc6 dxc6 6. Bc4 Ng4 7. d4 Bxd4 8. Qf3 Bxf2+ 9. Kf1 O-O 10. Bd3 Qd4 11. h3 f5 12. exf5 Rxf5 13. Bxf5 Bxf5 14. hxg4 Bxc2 15. Rh3 Rf8 16. Qxf8+ Kxf8 17. Rf3+ Kg8 18. Rxf2 Bd3+ 19. Kg1 Qxg4 20. Bd2 b5 21. Re1 Qg6 22. a3 a5 23. Ne2 a4 24. Bb4 h5 25. Rf8+ Kh7 26. Nf4 Qg3 27. Ree8 Kh6 28. Bd2 Qg5 29. Rh8+ Bh7 30. Re6+ g6 31. Rxg6+ Qxg6 32. Nxg6+ Kxg6 33. Rc8 Kf5 34. Rxc7 Bg8 35. Rxc6 Bc4 36. Kf2 Ke4 37. Rc5 Kd3 38. Bc3 Kc2 39. Rxh5 Kd3 40. Re5 Kc2 41. g4 Kb3 42. g5 b4 43. Bxb4 Kxb2 44. g6 Bb3 45. g7 Kc2 46. Ra5 Kd3 47. Rxa4 Bxa4 48. g8=Q Kd4 49. Qg4+ Kd5 50. Qf5+ Kc4 51. Qc5+ Kb3 52. Ke3 Bd7 53. Kd2 Be6 54. Qc2# 1-0

[Event "Ste-Foy 6 2024-25"]
[Site "Ste-Foy CAN"]
[Date "2025.07.21"]
[Round "3"]
[White "Arias Vitela, Derek"]
[Black "Couture, Francois"]
[Result "1-0"]
[ECO "D05"]
[WhiteElo "1089"]
[BlackElo "1176"]
[WhiteFideId "-1"]
[WhiteFideId "-1"]
[PlyCount "85"]
[GameId "2203114636867591"]
[EventDate "2025.07.07"]
[EventType "swiss"]
[EventRounds "5"]
[EventCountry "CAN"]
[TimeControl "5400+30"]

1. d4 d5 2. Nf3 Nf6 3. e3 e6 4. Bd3 c5 5. c3 Nc6 6. Nbd2 Bd6 7. O-O O-O 8. e4 e5 9. exd5 Nxd5 10. Nc4 Re8 11. Nxd6 Qxd6 12. Re1 Bg4 13. Bxh7+ Kh8 14. Be4 Nf6 15. h3 Nxe4 16. Rxe4 Bf5 17. Ng5 Qg6 18. Rh4+ Kg8 19. Qb3 Re7 20. d5 Na5 21. Qb5 b6 22. b4 Bd3 23. Qa4 Nc4 24. bxc5 bxc5 25. Qd1 e4 26. f4 Nd6 27. Rg4 Qf6 28. Be3 Rc8 29. Qe1 Nf5 30. Rc1 Bc4 31. Rd1 Bd3 32. Qf2 Qd6 33. c4 Bxc4 34. Rh4 Nxh4 35. Qxh4 Qh6 36. Qg4 Rd8 37. d6 Be6 38. dxe7 Rxd1+ 39. Qxd1 g6 40. e8=Q+ Kg7 41. Qdd8 Qh4 42. Qg8+ Kh6 43. Qh8# 1-0

[Event "Ste-Foy 6 2024-25"]
[Site "Ste-Foy CAN"]
[Date "2025.07.21"]
[Round "3"]
[White "Cantin, Guillaume"]
[Black "Demers, Nathan"]
[Result "1/2-1/2"]
[ECO "E14"]
[WhiteElo "1246"]
[BlackElo "1596"]
[WhiteFideId "-1"]
[WhiteFideId "-1"]
[PlyCount "21"]
[GameId "2203114267453387"]
[EventDate "2025.07.07"]
[EventType "swiss"]
[EventRounds "5"]
[EventCountry "CAN"]
[TimeControl "5400+30"]

1. d4 d5 2. c4 e6 3. Nf3 Nf6 4. e3 c5 5. Nc3 Nc6 6. Bd3 Be7 7. O-O b6 8. b3 Bb7 9. Bb2 O-O 10. a3 dxc4 11. bxc4 1/2-1/2

[Event "Ste-Foy 6 2024-25"]
[Site "Ste-Foy CAN"]
[Date "2025.07.21"]
[Round "3"]
[White "Fridmann, Clement"]
[Black "Dube, Dominic"]
[Result "1-0"]
[ECO "B18"]
[WhiteElo "1437"]
[BlackElo "1742"]
[WhiteFideId "-1"]
[WhiteFideId "-1"]
[PlyCount "151"]
[GameId "2203114037589927"]
[EventDate "2025.07.07"]
[EventType "swiss"]
[EventRounds "5"]
[EventCountry "CAN"]
[TimeControl "5400+30"]

1. e4 c6 2. d4 d5 3. Nc3 dxe4 4. Nxe4 Bf5 5. Ng3 Bg6 6. Nf3 Nd7 7. Bd3 Bxd3 8. Qxd3 Ngf6 9. h3 e6 10. O-O Bd6 11. Re1 Bxg3 12. fxg3 Qb6 13. c4 O-O-O 14. Be3 Qb4 15. a3 Qf8 16. b4 h6 17. Qc2 g5 18. Qa4 Qd6 19. Ne5 Rh7 20. Qxa7 Ne8 21. Nxd7 Rxd7 22. Qa8+ Kc7 23. c5 Qe7 24. Qa5+ Kb8 25. b5 cxb5 26. Qxb5 Nc7 27. Qb2 Nd5 28. Rab1 Rc7 29. a4 f5 30. a5 Rc6 31. Bf2 f4 32. Qb3 Qc7 33. Re2 Rd7 34. Ra2 Ra6 35. Rba1 Kc8 36. Be1 Ne3 37. gxf4 gxf4 38. Bf2 Nf5 39. Qc3 Rg7 40. Re2 Qc6 41. Be1 f3 42. Rf2 fxg2 43. d5 Qc7 44. d6 Qd7 45. Rxg2 Rxg2+ 46. Kxg2 Qc6+ 47. Kh2 Kb8 48. Bf2 Qd5 49. Rg1 Rc6 50. Rg8+ Ka7 51. Rg4 e5 52. Qc2 Qf7 53. Qe4 Nxd6 54. Qg2 Nf5 55. Qf3 Kb8 56. Rb4 Qe6 57. a6 e4 58. Qf4+ Nd6 59. Rxb7+ Ka8 60. cxd6 Rxa6 61. Re7 Qxd6 62. Qxd6 Rxd6 63. Rxe4 Rg6 64. Rg4 Rf6 65. Kg3 Kb7 66. Be3 Re6 67. Bf4 Kc6 68. Rh4 Kd5 69. Rxh6 Re7 70. h4 Ke4 71. Rf6 Rg7+ 72. Bg5 Rd7 73. Kg4 Rb7 74. Kh5 Ke5 75. Kg6 Rb8 76. Bf4+ 1-0

[Event "Ste-Foy 6 2024-25"]
[Site "Ste-Foy CAN"]
[Date "2025.07.21"]
[Round "3"]
[White "Laurendeau, Alfred"]
[Black "Deschenes, Andre-Philippe"]
[Result "1-0"]
[ECO "A14"]
[WhiteElo "1500"]
[BlackElo "1145"]
[WhiteFideId "-1"]
[WhiteFideId "-1"]
[PlyCount "67"]
[GameId "2203114334840791"]
[EventDate "2025.07.07"]
[EventType "swiss"]
[EventRounds "5"]
[EventCountry "CAN"]
[TimeControl "5400+30"]

1. Nf3 e6 2. g3 d5 3. Bg2 Nf6 4. O-O Be7 5. c4 c6 6. b3 O-O 7. Bb2 Nbd7 8. cxd5 cxd5 9. a4 b6 10. Na3 Ba6 11. Re1 Rc8 12. d3 Bb4 13. Rf1 Qe7 14. Nc2 Bc3 15. Ba3 Qd8 16. Bxf8 Bxa1 17. Bxg7 Bc3 18. Bh6 Qc7 19. Qc1 Nh5 20. Qg5+ Ng7 21. Ncd4 Bxd4 22. Nxd4 Qe5 23. Nxe6 Qxg5 24. Nxg5 Nf5 25. Nxf7 Kxf7 26. Bf4 Bb7 27. e4 dxe4 28. dxe4 Nd4 29. Be3 Nxb3 30. Rd1 Ke6 31. Bh3+ Ke7 32. Rxd7+ Ke8 33. Rxb7 Rc1+ 34. Bxc1 1-0

[Event "Ste-Foy 6 2024-25"]
[Site "Ste-Foy CAN"]
[Date "2025.07.21"]
[Round "3"]
[White "Pinsonneault, Sebastien"]
[Black "Yergeau, Samuel"]
[Result "1-0"]
[ECO "E43"]
[WhiteElo "1621"]
[BlackElo "1376"]
[WhiteFideId "-1"]
[WhiteFideId "-1"]
[PlyCount "45"]
[GameId "2203114179073983"]
[EventDate "2025.07.07"]
[EventType "swiss"]
[EventRounds "5"]
[EventCountry "CAN"]
[TimeControl "5400+30"]

1. d4 Nf6 2. c4 e6 3. Nf3 b6 4. Nc3 Bb4 5. e3 d6 6. Bd3 Bb7 7. O-O Bxc3 8. bxc3 Nbd7 9. Qe2 e5 10. e4 h6 11. a4 O-O 12. a5 Re8 13. a6 Bc8 14. Ne1 Nf8 15. f4 Ng6 16. f5 Ne7 17. g4 g5 18. h4 Nh7 19. hxg5 hxg5 20. Qh2 Kg7 21. Bxg5 Nxg5 22. f6+ Kg6 23. Qh5# 1-0

[Event "Ste-Foy 6 2024-25"]
[Site "Ste-Foy CAN"]
[Date "2025.07.21"]
[Round "3"]
[White "Simard, Rejean"]
[Black "Miranda, Carlos"]
[Result "0-1"]
[ECO "D02"]
[WhiteElo "1011"]
[BlackElo "1372"]
[WhiteFideId "-1"]
[WhiteFideId "-1"]
[PlyCount "62"]
[GameId "2203114477156335"]
[EventDate "2025.07.07"]
[EventType "swiss"]
[EventRounds "5"]
[EventCountry "CAN"]
[TimeControl "5400+30"]

1. d4 d5 2. Nd2 Nf6 3. Ngf3 Nc6 4. e3 a6 5. Bd3 Bg4 6. c3 e6 7. O-O Bd6 8. Qc2 Qe7 9. Re1 O-O-O 10. e4 dxe4 11. Bxe4 Nxe4 12. Nxe4 Bxf3 13. gxf3 Qh4 14. Nxd6+ Rxd6 15. Re4 Qf6 16. Bf4 Rd5 17. Qd3 Rf5 18. Bg3 Rxf3 19. Qe2 g5 20. Kg2 Rf5 21. Rf1 h5 22. h4 gxh4 23. Bxh4 Rg8+ 24. Kh2 Qg6 25. f3 Kd7 26. Qf2 Qh7 27. Qe2 Ne7 28. Bxe7 Kxe7 29. Rh4 Rfg5 30. Rf2 Qf5 31. Rh3 Qf4+ 0-1

[Event "Ste-Foy 6 2024-25"]
[Site "Ste-Foy CAN"]
[Date "2025.07.21"]
[Round "3"]
[White "Tremblay, Noah"]
[Black "Oliver, Vance"]
[Result "1-0"]
[ECO "B07"]
[WhiteElo "1726"]
[BlackElo "1391"]
[WhiteFideId "-1"]
[WhiteFideId "-1"]
[PlyCount "53"]
[GameId "2203114106050483"]
[EventDate "2025.07.07"]
[EventType "swiss"]
[EventRounds "5"]
[EventCountry "CAN"]
[TimeControl "5400+30"]

1. e4 d6 2. d4 Nf6 3. Nc3 g6 4. Bg5 Bg7 5. e5 dxe5 6. dxe5 Nfd7 7. e6 fxe6 8. Nf3 O-O 9. Qe2 Nc5 10. Qe3 b6 11. Bc4 Nc6 12. Rd1 Qe8 13. O-O Kh8 14. Rfe1 Bd7 15. Bh6 Bxh6 16. Qxh6 Rxf3 17. gxf3 Qf7 18. Qe3 Rd8 19. b4 Nxb4 20. Qe5+ Kg8 21. Qxc7 Rf8 22. Rxd7 Qxf3 23. Qg3 Nxc2 24. Qxf3 Rxf3 25. Rxe6 Rxc3 26. Rexe7+ Rxc4 27. Rd8# 1-0

[Event "Ste-Foy 6 2024-25"]
[Site "Ste-Foy CAN"]
[Date "2025.07.21"]
[Round "3"]
[White "Wafer, Jacques"]
[Black "Taran, Maksim"]
[Result "1/2-1/2"]
[ECO "C02"]
[WhiteElo "1356"]
[BlackElo "936"]
[WhiteFideId "-1"]
[WhiteFideId "-1"]
[PlyCount "80"]
[GameId "2203114551117819"]
[EventDate "2025.07.07"]
[EventType "swiss"]
[EventRounds "5"]
[EventCountry "CAN"]
[TimeControl "5400+30"]

1. e4 e6 2. d4 d5 3. e5 c5 4. Bb5+ Bd7 5. Bxd7+ Nxd7 6. Nf3 f6 7. O-O fxe5 8. dxe5 Ne7 9. Re1 Ng6 10. Bg5 Be7 11. Bxe7 Qxe7 12. Nc3 O-O 13. g3 Qf7 14. Ng5 Qxf2+ 15. Kh1 Qf5 16. Nxe6 Qxe6 17. Qxd5 Qxd5+ 18. Nxd5 Ndxe5 19. Ne7+ Nxe7 20. Rxe5 Ng6 21. Rxc5 Rac8 22. Rxc8 Rxc8 23. c3 Ne5 24. Re1 Nd3 25. Re7 Rb8 26. b4 a6 27. Kg2 Kf8 28. Rd7 Ne5 29. Rc7 Nc6 30. h4 Ne7 31. c4 Kf7 32. a3 Ke6 33. Kf3 Rf8+ 34. Ke4 Rb8 35. c5 g6 36. g4 h6 37. Kd4 Nc6+ 38. Ke4 Ne7 39. Kd4 Nc6+ 40. Ke4 Ne7 1/2-1/2

[Event "Ste-Foy 6 2024-25"]
[Site "Ste-Foy CAN"]
[Date "2025.07.28"]
[Round "4"]
[White "Auger, Bertrand"]
[Black "Pinsonneault, Sebastien"]
[Result "0-1"]
[ECO "E62"]
[WhiteElo "1843"]
[BlackElo "1621"]
[WhiteFideId "-1"]
[WhiteFideId "-1"]
[PlyCount "74"]
[GameId "2205773592146024"]
[EventDate "2025.07.07"]
[EventType "swiss"]
[EventRounds "5"]
[EventCountry "CAN"]
[TimeControl "5400+30"]

1. Nf3 d6 2. d4 Nf6 3. g3 g6 4. Bg2 Bg7 5. O-O O-O 6. c4 Bg4 7. h3 Bd7 8. Nc3 Qc8 9. Kh2 Nc6 10. d5 Na5 11. Nd2 c5 12. b3 Ng4+ 13. hxg4 Bxc3 14. Rb1 Bxg4 15. f3 Bd7 16. Ne4 Bg7 17. Bd2 b6 18. Qc1 Rb8 19. Bh6 Nb7 20. Bxg7 Kxg7 21. Qc3+ Kg8 22. g4 f6 23. Kg3 Nd8 24. Rh1 Nf7 25. f4 Bxg4 26. Rh4 h5 27. Nf2 g5 28. Rxg4 hxg4 29. Nxg4 Kg7 30. Bh3 Qf5 31. Rf1 Rh8 32. Nh6 gxf4+ 33. Rxf4 Qh5 34. Nf5+ Kf8 35. Rh4 Qg5+ 36. Bg4 Rxh4 37. Nxh4 Ne5 0-1

[Event "Ste-Foy 6 2024-25"]
[Site "Ste-Foy CAN"]
[Date "2025.07.28"]
[Round "4"]
[White "Barrera, Eduardo"]
[Black "Lescarbeau, Martin"]
[Result "1-0"]
[ECO "C02"]
[WhiteElo "1945"]
[BlackElo "1728"]
[WhiteFideId "-1"]
[WhiteFideId "-1"]
[PlyCount "37"]
[GameId "2205773446987856"]
[EventDate "2025.07.07"]
[EventType "swiss"]
[EventRounds "5"]
[EventCountry "CAN"]
[TimeControl "5400+30"]

1. e4 e6 2. d4 d5 3. e5 c5 4. c3 Qb6 5. Nf3 Bd7 6. Be2 Bb5 7. Bxb5+ Qxb5 8. Na3 Qa6 9. dxc5 Bxc5 10. b4 Be7 11. Nd4 Nd7 12. Nab5 Qb6 13. Be3 Rc8 14. a4 a6 15. Nf5 d4 16. Bxd4 Qc6 17. Nbd6+ Kf8 18. Nxc8 Qxg2 19. Ng3 1-0

[Event "Ste-Foy 6 2024-25"]
[Site "Ste-Foy CAN"]
[Date "2025.07.28"]
[Round "4"]
[White "Berube, Antoine"]
[Black "Vaillant, Charles-Etienne"]
[Result "1-0"]
[ECO "D11"]
[WhiteElo "2242"]
[BlackElo "1884"]
[WhiteFideId "-1"]
[WhiteFideId "-1"]
[PlyCount "113"]
[GameId "2205773363826756"]
[EventDate "2025.07.07"]
[EventType "swiss"]
[EventRounds "5"]
[EventCountry "CAN"]
[TimeControl "5400+30"]

1. d4 d5 2. c4 c6 3. Nf3 Nf6 4. g3 Bf5 5. Nc3 e6 6. Nh4 Be4 7. f3 Bg6 8. Qb3 Qd7 9. Nxg6 hxg6 10. e3 c5 11. cxd5 exd5 12. dxc5 Bxc5 13. Bd2 O-O 14. O-O-O Nc6 15. Kb1 Rfd8 16. Na4 Be7 17. g4 Rab8 18. Rc1 Ne5 19. Be2 Nc4 20. Rcd1 b5 21. Nc3 a5 22. Bc1 a4 23. Qc2 Qb7 24. g5 Ne8 25. e4 dxe4 26. Qxe4 Qxe4+ 27. Nxe4 Ned6 28. Nxd6 Nxd6 29. Rd5 b4 30. Rhd1 Nf5 31. Rxd8+ Rxd8 32. Rxd8+ Bxd8 33. Bd1 a3 34. bxa3 bxa3 35. Kc2 Nd4+ 36. Kd3 Ne6 37. h4 Bc7 38. Bxa3 Bg3 39. Bb3 Nc7 40. Bc1 Bxh4 41. a4 Kf8 42. Bf4 Ne8 43. a5 Bf2 44. Ba4 Ba7 45. a6 f6 46. Bxe8 Kxe8 47. Be3 Bb8 48. Kc4 Kd7 49. Kd5 fxg5 50. Bc5 g4 51. fxg4 Kd8 52. Ke6 Ke8 53. g5 Ba7 54. Bxa7 Kf8 55. Bc5+ Kg8 56. a7 Kh7 57. Kf7 1-0

[Event "Ste-Foy 6 2024-25"]
[Site "Ste-Foy CAN"]
[Date "2025.07.28"]
[Round "4"]
[White "Blais, Pierre-Luc"]
[Black "Cantin, Guillaume"]
[Result "0-1"]
[ECO "E12"]
[WhiteElo "1469"]
[BlackElo "1246"]
[WhiteFideId "-1"]
[WhiteFideId "-1"]
[PlyCount "90"]
[GameId "2205801387110540"]
[EventDate "2025.07.07"]
[EventType "swiss"]
[EventRounds "5"]
[EventCountry "CAN"]
[TimeControl "5400+30"]

1. d4 Nf6 2. c4 e6 3. Nf3 d5 4. Nc3 Be7 5. Bg5 O-O 6. e3 b6 7. Bd3 dxc4 8. Bxc4 Bb7 9. O-O Nbd7 10. Rc1 Ne4 11. Nxe4 Bxe4 12. Bxe7 Qxe7 13. Nd2 Bb7 14. Bd3 Nf6 15. Nc4 Rac8 16. Ne5 c5 17. dxc5 bxc5 18. Qa4 Rc7 19. Qh4 h6 20. g4 Nd5 21. Qxe7 Nxe7 22. b4 Rfc8 23. b5 Bd5 24. a4 c4 25. Be2 f6 26. Nf3 c3 27. Nd4 e5 28. Nf5 Nxf5 29. gxf5 Be4 30. Bg4 c2 31. f3 Bd3 32. Rf2 Rc3 33. f4 Rb3 34. Rcxc2 Rxc2 35. fxe5 Rb1+ 36. Kg2 Be4+ 37. Bf3 Bxf3+ 38. Kxf3 Rxf2+ 39. Kxf2 fxe5 40. Kf3 Ra1 41. Ke4 Rxa4+ 42. Kxe5 Ra5 43. Ke6 Rxb5 44. e4 a5 45. Kd6 Rxf5 0-1

[Event "Ste-Foy 6 2024-25"]
[Site "Ste-Foy CAN"]
[Date "2025.07.28"]
[Round "4"]
[White "Bourassa, Samuel"]
[Black "Page Fortin, Mathieu"]
[Result "1-0"]
[ECO "C01"]
[WhiteElo "2011"]
[BlackElo "1940"]
[WhiteFideId "-1"]
[WhiteFideId "-1"]
[PlyCount "71"]
[GameId "2205773273341992"]
[EventDate "2025.07.07"]
[EventType "swiss"]
[EventRounds "5"]
[EventCountry "CAN"]
[TimeControl "5400+30"]

1. e4 e6 2. d4 d5 3. Nc3 Nf6 4. exd5 exd5 5. Bg5 Be7 6. Qd2 Nc6 7. O-O-O Bf5 8. Qf4 Qd7 9. Bb5 h6 10. Bxc6 bxc6 11. Bxf6 Bxf6 12. Re1+ Be6 13. Nf3 O-O 14. Na4 Qd6 15. Qd2 Rfe8 16. Ne5 Rab8 17. Nc5 Bf5 18. f4 Rb6 19. g4 Bc8 20. h4 Be7 21. Reg1 Qd8 22. h5 Bxc5 23. dxc5 Ra6 24. g5 Kf8 25. Re1 Bf5 26. a3 Be4 27. gxh6 gxh6 28. Rhg1 Qh4 29. Re2 Re6 30. Rh2 Qd8 31. Qe2 Ra5 32. Qg4 Rxe5 33. fxe5 Qg5+ 34. Qxg5 hxg5 35. Rxg5 Rxc5 36. h6 1-0

[Event "Ste-Foy 6 2024-25"]
[Site "Ste-Foy CAN"]
[Date "2025.07.28"]
[Round "4"]
[White "Couture, Francois"]
[Black "Bergeron, Cedric"]
[Result "0-1"]
[ECO "A40"]
[WhiteElo "1176"]
[BlackElo "1169"]
[WhiteFideId "-1"]
[WhiteFideId "-1"]
[PlyCount "114"]
[GameId "2205802029445356"]
[EventDate "2025.07.07"]
[EventType "swiss"]
[EventRounds "5"]
[EventCountry "CAN"]
[TimeControl "5400+30"]

1. d4 e5 2. dxe5 Nc6 3. Bf4 Qe7 4. Nf3 Qb4+ 5. Bd2 Qxb2 6. Bc3 Bb4 7. Bxb4 Nxb4 8. Nd4 Qxa1 9. a3 Qxd4 10. axb4 Qxd1+ 11. Kxd1 f6 12. exf6 Nxf6 13. f3 Nd5 14. c3 O-O 15. Kd2 d6 16. e4 Nb6 17. Na3 Be6 18. Nb5 Rf7 19. Be2 c6 20. Nxd6 Rd7 21. e5 Bc4 22. Bd1 Nc8 23. Ke3 Nxd6 24. exd6 Rxd6 25. Bc2 Re8+ 26. Kf4 Rf6+ 27. Kg3 Re2 28. Be4 Bd5 29. Bxd5+ cxd5 30. Rd1 Rg6+ 31. Kf4 Rgxg2 32. Rxd5 Rxh2 33. Rd8+ Kf7 34. Rd7+ Re7 35. Rd8 Rh4+ 36. Kg3 Rc4 37. Ra8 Rxc3 38. Rxa7 Rb3 39. Ra4 b5 40. Ra6 Rxb4 41. Rb6 h5 42. Rc6 h4+ 43. Kh3 Rc4 44. Rb6 b4 45. Rb5 g6 46. Rb6 Re6 47. Rb7+ Kf6 48. Rb5 Rf4 49. Rb8 Rxf3+ 50. Kg2 Rb3 51. Rf8+ Kg7 52. Rf2 h3+ 53. Kh2 Rc3 54. Rb2 b3 55. Rb1 Re2+ 56. Kg1 b2 57. Kf1 Rec2 0-1

[Event "Ste-Foy 6 2024-25"]
[Site "Ste-Foy CAN"]
[Date "2025.07.28"]
[Round "4"]
[White "Deschenes, Andre-Philippe"]
[Black "Tremblay, Charles"]
[Result "0-1"]
[ECO "D02"]
[WhiteElo "1145"]
[BlackElo "1512"]
[WhiteFideId "-1"]
[WhiteFideId "-1"]
[PlyCount "80"]
[GameId "2205801547714724"]
[EventDate "2025.07.07"]
[EventType "swiss"]
[EventRounds "5"]
[EventCountry "CAN"]
[TimeControl "5400+30"]

1. d4 e6 2. Nf3 d5 3. e3 Nc6 4. a3 Bd6 5. Bd3 Nf6 6. Nbd2 O-O 7. O-O Re8 8. b3 a6 9. Bb2 Bd7 10. Ne5 Re7 11. f4 Bxe5 12. fxe5 Ne8 13. Bxh7+ Kxh7 14. Qh5+ Kg8 15. Rf3 g6 16. Qh6 Ng7 17. Rh3 Nh5 18. g4 Qf8 19. Qg5 Qg7 20. gxh5 gxh5 21. Rg3 Qxg5 22. Rxg5+ Kh7 23. Rxh5+ Kg6 24. Rh3 Rg8 25. Rg3+ Kh7 26. Rxg8 Kxg8 27. Rf1 Re8 28. h4 Ne7 29. Rf3 Nf5 30. Rh3 Kh7 31. Kf2 Rg8 32. Nf3 Rg6 33. Ng5+ Kg7 34. c4 c6 35. Kf3 f6 36. exf6+ Rxf6 37. Kg4 Nh6+ 38. Kh5 Be8+ 39. Nf7 Bxf7+ 40. Kg5 Rf5# 0-1

[Event "Ste-Foy 6 2024-25"]
[Site "Ste-Foy CAN"]
[Date "2025.07.28"]
[Round "4"]
[White "Fridmann, Clement"]
[Black "Tremblay, Noah"]
[Result "1-0"]
[ECO "C31"]
[WhiteElo "1437"]
[BlackElo "1726"]
[WhiteFideId "-1"]
[WhiteFideId "-1"]
[PlyCount "119"]
[GameId "2205801308209280"]
[EventDate "2025.07.07"]
[EventType "swiss"]
[EventRounds "5"]
[EventCountry "CAN"]
[TimeControl "5400+30"]

1. e4 e5 2. f4 d5 3. exd5 c6 4. dxc6 Nxc6 5. Bb5 exf4 6. Nf3 Qe7+ 7. Qe2 Qxe2+ 8. Kxe2 Bd7 9. d4 Bd6 10. Nc3 O-O-O 11. Kf2 Nf6 12. a3 Ng4+ 13. Kf1 Rhe8 14. h3 Ne3+ 15. Bxe3 fxe3 16. Re1 Bg3 17. Rd1 a6 18. Bd3 Ne7 19. Ne4 Nf5 20. Ke2 Bf2 21. Rh2 Rxe4 22. Bxe4 Ng3+ 23. Kd3 e2 24. Rc1 Nxe4 25. Kxe4 Re8+ 26. Kd3 Bf5+ 27. Kc3 Re3+ 28. Kd2 Re4 29. Re1 Bxe1+ 30. Kxe1 h5 31. c3 h4 32. Ng1 g5 33. Nxe2 g4 34. Kd2 g3 35. Rh1 Bg6 36. Rf1 Kd7 37. Rf4 Rxf4 38. Nxf4 Be4 39. Ke3 f5 40. Ke2 b5 41. Kf1 Kd6 42. Ng6 Kd5 43. Nxh4 Kc4 44. Ng6 Kb3 45. h4 Kxb2 46. h5 f4 47. Nxf4 Kxc3 48. d5 a5 49. d6 Bc6 50. h6 b4 51. h7 b3 52. h8=Q+ Kc2 53. Qc8 b2 54. Qxc6+ Kb1 55. Ne2 Ka2 56. Nc3+ Ka1 57. Qc4 b1=Q+ 58. Nxb1 a4 59. Qb5 Ka2 60. d7 1-0

[Event "Ste-Foy 6 2024-25"]
[Site "Ste-Foy CAN"]
[Date "2025.07.28"]
[Round "4"]
[White "Genest, Jean-Philippe"]
[Black "Sauve, Richard"]
[Result "1-0"]
[ECO "E05"]
[WhiteElo "1638"]
[BlackElo "1860"]
[WhiteFideId "-1"]
[WhiteFideId "-1"]
[PlyCount "87"]
[GameId "2205773516693596"]
[EventDate "2025.07.07"]
[EventType "swiss"]
[EventRounds "5"]
[EventCountry "CAN"]
[TimeControl "5400+30"]

1. d4 d5 2. c4 e6 3. Nf3 Nf6 4. g3 Be7 5. Bg2 O-O 6. O-O dxc4 7. Qc2 a6 8. a4 Bd7 9. Qxc4 Bc6 10. Qc2 Nbd7 11. Nc3 h6 12. Rd1 Bb4 13. Ne5 Bxg2 14. Kxg2 c6 15. e4 Qc7 16. Nc4 Nb6 17. Bf4 Qd8 18. Ne5 Nbd7 19. Qe2 Nxe5 20. dxe5 Nd7 21. Qc4 Be7 22. Qd4 Nb6 23. a5 Qxd4 24. Rxd4 Bc5 25. Rd3 Nc4 26. b3 g5 27. bxc4 gxf4 28. Na4 Bb4 29. Nb6 Rad8 30. Nd7 fxg3 31. hxg3 Kh8 32. Nxf8 Rxf8 33. Rb3 c5 34. Rd3 Rb8 35. f4 b6 36. axb6 Rxb6 37. Rd6 Rb8 38. Raxa6 Bc3 39. Rd3 Bd4 40. Kh3 Rb4 41. Ra7 Kg7 42. f5 exf5 43. e6 fxe4 44. Rxf7+ 1-0

[Event "Ste-Foy 6 2024-25"]
[Site "Ste-Foy CAN"]
[Date "2025.07.28"]
[Round "4"]
[White "Houde, Louis-Thomas"]
[Black "Soubeyrand, Maxence"]
[Result "1-0"]
[ECO "B12"]
[WhiteElo "1421"]
[BlackElo "1206"]
[WhiteFideId "-1"]
[WhiteFideId "-1"]
[PlyCount "23"]
[GameId "2205801649365168"]
[EventDate "2025.07.07"]
[EventType "swiss"]
[EventRounds "5"]
[EventCountry "CAN"]
[TimeControl "5400+30"]

1. e4 c6 2. d4 d5 3. f3 Nd7 4. Nc3 dxe4 5. fxe4 e6 6. Nf3 c5 7. b3 cxd4 8. Qxd4 Qb6 9. Qxb6 Nxb6 10. Nb5 Kd8 11. Bf4 a6 12. Bc7+ 1-0

[Event "Ste-Foy 6 2024-25"]
[Site "Ste-Foy CAN"]
[Date "2025.07.28"]
[Round "4"]
[White "Laurendeau, Alfred"]
[Black "Savard, Alexandre"]
[Result "0-1"]
[ECO "D02"]
[WhiteElo "1500"]
[BlackElo "1756"]
[WhiteFideId "-1"]
[WhiteFideId "-1"]
[PlyCount "52"]
[GameId "2205801235353716"]
[EventDate "2025.07.07"]
[EventType "swiss"]
[EventRounds "5"]
[EventCountry "CAN"]
[TimeControl "5400+30"]

1. Nf3 Nf6 2. g3 e6 3. Bg2 d5 4. O-O Bd6 5. d4 Nbd7 6. b3 O-O 7. Bb2 b6 8. Nbd2 Bb7 9. Ne5 c5 10. e3 Rc8 11. c4 cxd4 12. exd4 Ba6 13. Re1 dxc4 14. Nc6 Qe8 15. Nxc4 Bb8 16. d5 Nc5 17. dxe6 Nxe6 18. Nd6 Bxd6 19. Qxd6 Kh8 20. Rad1 Bb7 21. Rc1 Bxc6 22. Bxc6 Qd8 23. Qe5 Qd2 24. Red1 Qh6 25. Rc4 Rxc6 26. Rxc6 Ng4 0-1